 Dungeon Crawl Stone Soup version 0.28.0-53-g5a82cb258f (console) character file.

Game seed: 5460805910162674799

36 erker the Sneak (level 3, 0/21 HPs)
             Began as an Octopode Earth Elementalist on July 22, 2022.
             Succumbed to an adder's poison
             ... on level 2 of the Dungeon.
             The game lasted 00:03:08 (1349 turns).

erker the Sneak (Octopode Earth Elementalist)       Turns: 1349, Time: 00:03:09

Health: 0/21       AC:  1    Str:  7    XL:     3   Next: 37%
Magic:  5/6        EV: 13    Int: 19    God:
Gold:   65         SH:  0    Dex: 12    Spells: 3/6 levels left

rFire   . . .      SeeInvis .   a - +0 dagger
rCold   . . .      Faith    .   (no shield)
rNeg    . . .      Spirit   .   (helmet restricted)
rPois   .          Reflect  .   (no amulet)
rElec   .          Harm     .   (no ring)
rCorr   .          Rampage  .   (no ring)
Will    .....                   (no ring)
Stlth   +++.......              (no ring)
HPRegen 0.07/turn               (no ring)
MPRegen 0.10/turn               (no ring)
                                (no ring)
                                (no ring)

@: lethally poisoned (0 -> -2)
A: almost no armour, amphibious, 8 rings, camouflage 1, gelatinous body 1,
(nimble swimmer 1), tentacles
a: no special abilities


You were on level 2 of the Dungeon.
You visited 1 branch of the dungeon, and saw 2 of its levels.

You collected 65 gold pieces.

Inventory:

Hand Weapons
 a - a +0 dagger (weapon)
Missiles
 b - 61 stones
Scrolls
 c - a scroll of enchant armour {unknown}
 d - a scroll of amnesia {unknown}
 e - a scroll of identify {unknown}


   Skills:
 + Level 1.0 Short Blades
 - Level 2.0 Dodging
 - Level 4.0 Stealth
 - Level 2.0 Spellcasting
 - Level 1.0 Transmutations
 + Level 3.5 Earth Magic


You had 3 spell levels left.
You knew the following spells:

 Your Spells              Type           Power      Damage    Failure   Level
a - Sandblast             Erth           30%        2d9       4%          1
w - Passwall              Tmut/Erth      8%         N/A       10%         2

Your spell library contained the following spells:

 Spells                   Type           Power      Damage    Failure   Level
 Stone Arrow              Conj/Erth      16%        3d8       24%         3
 Petrify                  Tmut/Erth      10%        N/A       54%         4


Dungeon Overview and Level Annotations

Branches:
Dungeon (2/15)

Altars:

Shops:
D:1 (


Innate Abilities, Weirdness & Mutations

You cannot wear most types of armour.
You are amphibious.
You can wear up to eight rings at the same time.
Your skin changes colour to match your surroundings (Stealth+).
Your rubbery body absorbs attacks. (AC +1, EV +1)
((You are camouflaged when in or above water. (Stealth+)))
You have tentacles for arms and can constrict up to eight enemies at once.


Message History

The blast of sand hits the adder!
You kill the adder!
* * * LOW HITPOINT WARNING * * *
You feel sick.
Your Short Blades skill increases to level 1!
You aren't carrying any potions.
Okay, then.
Unknown command.
Unknown command.
Unknown command.
Unknown command.
You aren't carrying any potions.
Unknown command.
Unknown command.
Unknown command.
* * * LOW HITPOINT WARNING * * *
You feel sick.
Unknown command.
Unknown command.
* * * LOW HITPOINT WARNING * * *
You feel sick. 2 gnolls come into view.
Found a fizzy inky potion.
* * * LOW HITPOINT WARNING * * *
You feel sick.
The gnoll shouts!
The gnoll moves out of view.
A gnoll comes into view. It is wielding a +0 whip.
A gnoll comes into view. It is wielding a +0 club.
Found a flail.
* * * LOW HITPOINT WARNING * * *
You feel sick.
Casting: Sandblast (safe; 4% risk of failure)
Confirm with . or Enter, or press ? or * to list all spells.
You can't see any susceptible monsters within range! (Use Z to cast anyway.)
You aren't carrying any items that you can evoke.
Unknown command.
Unknown command.
Unknown command.
You die...

......... ......... ..#
........# ... .
......... ..! ..
........# #.# ..
........# #.# ..
........###.# .####
..#####..##.##.....#
#####....@....... ###
###.......##....g..
...##......#......g....
...........#....#...g..
........†....##.....g).
......†.....###........
....<.......#..........
...............#.......
..........^...##


You could see 4 gnolls.

Vanquished Creatures
  An adder (D:2)
  A ball python (D:1)
  An endoplasm (D:1)
  2 giant cockroaches
  2 goblins (D:2)
  5 hobgoblins (D:1)
  2 kobolds (D:1)
  2 quokkas (D:2)
  3 bats
  4 frilled lizards (D:1)
  2 rats (D:1)
25 creatures vanquished.

Notes
Turn   | Place    | Note
-------+----------+-------------------------------------------
     0 | D:1      | erker the Octopode Earth Elementalist began the quest for
                  | the Orb.
     0 | D:1      | Reached XP level 1. HP: 11/11 MP: 3/3
    25 | D:1      | Reached skill level 3 in Stealth
   213 | D:1      | Reached XP level 2. HP: 17/17 MP: 1/5
   216 | D:1      | Learned a level 2 spell: Passwall
   301 | D:1      | Reached skill level 4 in Stealth
   525 | D:1      | Found Achemur's Weapon Shop.
  1214 | D:2      | Reached XP level 3. HP: 21/21 MP: 6/6
  1345 | D:2      | Reached skill level 1 in Short Blades
  1348 | D:2      | HP: 1/21 [poisoned by an adder]
  1349 | D:2      | Succumbed to an adder's poison

Illustrated notes

Levels and vault maps discovered:
D:1:      saegor_arrival_simple_e, layout_loops_ring, serial_shops,
          nicolae_shop_bloodbath_and_beyond, skrybe_limestone_x
D:2:      layout_rooms, basic_altar, minmay_rat_gold_closets

Skill      XL: |  1  2  3 |
---------------+----------+-----
Stealth        | 3 4 |  4.0
Short Blades   | 1 |  1.0
Dodging        | |  2.0
Spellcasting   | |  2.0
Transmutations | |  1.0
Earth Magic    | |  3.5

Action                   || total
-------------------------++-------
Melee: Unarmed           ||    20
       Constrict         ||    12
       Tentacles         ||     8
       Dagger            ||    25
 Cast: Sandblast         ||    13
 Stab: Sleeping          ||     9
Armor: Skin              ||     6
Dodge: Dodged            ||    23
